[ AOE2 MATCH · #506779005 ]
UnrankedSaracens vs Bengalis
[ REPLAY ANALYSIS · EXTRACTED FROM THE RECORDED GAME ]
Feudal
9:13
Castle
21:50
Imperial
—
| APM avg | 34.6 |
| APM peak | 73 |
| eAPM avg | 15.7 |
| Villagers / military | 50 / 17 |
Focus
⚔️ 18.7% · 🌾 81.3%
Mameluke ×6 · Skirmisher ×5 · Archer ×4 · Spearman ×2
Feudal
8:58
Castle
12:58
Imperial
—
| APM avg | 48.1 |
| APM peak | 79 |
| eAPM avg | 21.5 |
| Villagers / military | 31 / 19 |
Focus
⚔️ 36.2% · 🌾 63.8%
Monk ×16 · Armored Elephant ×3
Feudal
9:05
Castle
23:09
Imperial
—
| APM avg | 52.2 |
| APM peak | 96 |
| eAPM avg | 27.6 |
| Villagers / military | 52 / 38 |
Focus
⚔️ 24.3% · 🌾 75.7%
Archer ×38
Feudal
8:45
Castle
22:56
Imperial
—
| APM avg | 35.2 |
| APM peak | 71 |
| eAPM avg | 17.7 |
| Villagers / military | 46 / 27 |
Focus
⚔️ 31.7% · 🌾 68.3%
Archer ×23 · Mangonel ×2 · Scout Cavalry ×2
Feudal
9:09
Castle
20:51
Imperial
—
| APM avg | 31.6 |
| APM peak | 112 |
| eAPM avg | 15.1 |
| Villagers / military | 67 / 8 |
Focus
⚔️ 43.3% · 🌾 56.7%
Scout Cavalry ×8
Feudal
11:09
Castle
15:40
Imperial
—
| APM avg | 29.5 |
| APM peak | 60 |
| eAPM avg | 15.2 |
| Villagers / military | 60 / 21 |
Focus
⚔️ 27.6% · 🌾 72.4%
Mameluke ×21
Feudal
9:59
Castle
18:31
Imperial
24:41
| APM avg | 17.2 |
| APM peak | 33 |
| eAPM avg | 11.4 |
| Villagers / military | 45 / 11 |
Focus
⚔️ 15.1% · 🌾 84.9%
Organ Gun ×11
Feudal
10:39
Castle
—
Imperial
—
| APM avg | 27.5 |
| APM peak | 62 |
| eAPM avg | 16.3 |
| Villagers / military | 114 / 8 |
Focus
⚔️ 17.3% · 🌾 82.7%
Battering Ram ×7 · Spearman ×1
Match map
Initial resources + every placement click. Lines = walls · curves = elevation contours. ◆ gold · ⬟ stone · ● berries · ✦ relic · ◌ wall gap
Your base· ✓ Map-separated
CTM | El Inadecuado's base· ✓ Map-separated
.Bast's base· ✓ Map-separated
JAGR | BkB's base· ✓ Map-separated
Dadagama's base· ✓ Map-separated
The HOD's base· ✓ Map-separated
Wallyfly's base· ✓ Map-separated
Codiman's base· ✓ Map-separated
Smoothed initial terrain · ◌ = detected wall gap · hover for details
Inputs per minute
— Milongo - - CTM | El Inadecuado
Build order — Milongo
119 actions detected in the replay
| 0:02 | Queue | Villager (Male) |
| 0:03 | Build | House |
| 0:05 | Build | House |
| 0:16 | Queue | Villager (Male) ×3 |
| 0:16 | Queue | Villager (Male) ×3 |
| 1:28 | Queue | Villager (Male) |
| 1:52 | Build | Lumber Camp |
| 2:04 | Queue | Villager (Male) |
| 2:05 | Queue | Villager (Male) |
| 2:44 | Queue | Villager (Male) |
| 2:44 | Queue | Villager (Male) |
| 2:44 | Queue | Villager (Male) |
| 3:14 | Queue | Villager (Male) |
| 3:29 | Build | House |
| 3:30 | Build | House |
| 4:01 | Queue | Villager (Male) ×3 |
| 4:29 | Queue | Villager (Male) |
| 5:54 | Build | Mill |
| 6:01 | Queue | Villager (Male) |
| 6:35 | Queue | Villager (Male) |
| 7:03 | Research | Feudal Age |
| 7:04 | Research | Feudal Age |
| 7:04 | Research | Feudal Age |
| 7:15 | Build | Lumber Camp |
| 7:34 | Build | Mining Camp |
| 8:26 | Build | Barracks |
| 8:31 | Queue | Villager (Male) |
| 9:13 | Age | Feudal Age |
| 9:34 | Build | Archery Range |
| 9:49 | Build | House |
| 9:52 | Research | Double-Bit Axe |
| 9:53 | Queue | Villager (Male) |
| 10:28 | Queue | Archer |
| 10:29 | Queue | Archer |
| 10:54 | Queue | Villager (Male) |
| 11:08 | Queue | Archer |
| 11:10 | Queue | Villager (Male) |
| 11:29 | Build | Farm |
| 11:30 | Build | Farm |
| 11:30 | Build | Farm |
| 11:30 | Build | Farm |
| 11:31 | Build | Farm |
| 11:31 | Build | Farm |
| 11:34 | Queue | Archer |
| 11:35 | Queue | Villager (Male) |
| 11:50 | Build | House |
| 11:54 | Build | House |
| 12:44 | Queue | Skirmisher |
| 13:04 | Queue | Villager (Male) |
| 13:12 | Queue | Villager (Male) |
| 13:14 | Research | Loom |
| 13:19 | Queue | Skirmisher |
| 13:29 | Build | Market |
| 13:34 | Build | House |
| 13:36 | Build | House |
| 13:41 | Queue | Villager (Male) |
| 13:42 | Research | Town Watch |
| 13:44 | Queue | Skirmisher |
| 14:23 | Queue | Villager (Male) |
| 14:43 | Queue | Skirmisher |
| 14:45 | Queue | Villager (Male) |
| 15:00 | Build | Watch Tower |
| 15:06 | Queue | Villager (Male) |
| 15:17 | Build | Blacksmith |
| 15:21 | Queue | Villager (Male) |
| 15:29 | Queue | Skirmisher |
| 16:23 | Queue | Villager (Male) |
| 16:30 | Queue | Villager (Male) |
| 17:10 | Queue | Villager (Male) |
| 17:19 | Queue | Villager (Male) |
| 17:55 | Build | Market |
| 17:56 | Queue | Villager (Male) |
| 18:00 | Build | Farm |
| 18:02 | Build | Farm |
| 18:03 | Build | Farm |
| 18:05 | Build | Farm |
| 18:45 | Queue | Villager (Male) |
| 18:55 | Research | Castle Age |
| 19:16 | Build | Palisade Wall |
| 19:23 | Build | Mining Camp |
| 19:28 | Research | Horse Collar |
| 19:29 | Research | Gold Mining |
| 20:47 | Research | Stone Mining |
| 21:42 | Queue | Spearman |
| 21:42 | Queue | Spearman |
| 21:46 | Queue | Villager (Male) |
| 21:50 | Age | Castle Age |
| 21:55 | Queue | Villager (Male) |
| 22:10 | Research | Bow Saw |
| 22:42 | Queue | Villager (Male) |
| 23:08 | Build | Lumber Camp |
| 23:15 | Queue | Villager (Male) |
| 23:16 | Queue | Villager (Male) |
| 23:28 | Build | Castle |
| 23:31 | Queue | Villager (Male) |
| 23:51 | Research | Fletching |
| 23:56 | Build | Lumber Camp |
| 24:16 | Queue | Villager (Male) |
| 24:27 | Build | Farm |
| 24:43 | Build | Farm |
| 24:47 | Queue | Villager (Male) |
| 24:49 | Queue | Mameluke |
| 24:49 | Queue | Mameluke |
| 24:57 | Build | Farm |
| 25:00 | Build | Farm |
| 25:03 | Build | Farm |
| 25:06 | Build | Farm |
| 25:09 | Build | Farm |
| 25:12 | Build | Farm |
| 25:19 | Build | Farm |
| 25:21 | Queue | Villager (Male) |
| 25:38 | Queue | Villager (Male) |
| 25:41 | Queue | Mameluke |
| 25:41 | Queue | Mameluke |
| 26:06 | Build | Town Center |
| 26:08 | Queue | Villager (Male) |
| 26:10 | Queue | Villager (Male) |
| 26:18 | Queue | Mameluke |
| 26:19 | Queue | Mameluke |
Build order — CTM | El Inadecuado
96 actions detected in the replay
| 0:01 | Queue | Villager (Male) |
| 0:01 | Queue | Villager (Male) |
| 0:01 | Queue | Villager (Male) |
| 0:02 | Build | House |
| 0:04 | Build | House |
| 0:55 | Queue | Villager (Male) |
| 1:05 | Queue | Villager (Male) |
| 1:33 | Queue | Villager (Male) |
| 1:34 | Queue | Villager (Male) |
| 2:16 | Build | Lumber Camp |
| 2:28 | Queue | Villager (Male) |
| 2:28 | Queue | Villager (Male) |
| 3:00 | Queue | Villager (Male) |
| 3:00 | Queue | Villager (Male) |
| 3:01 | Queue | Villager (Male) |
| 4:05 | Build | House |
| 4:08 | Queue | Villager (Male) |
| 4:08 | Queue | Villager (Male) |
| 4:10 | Build | House |
| 4:48 | Build | Mill |
| 5:08 | Queue | Villager (Male) |
| 5:08 | Queue | Villager (Male) |
| 5:09 | Queue | Villager (Male) |
| 5:09 | Queue | Villager (Male) |
| 5:09 | Queue | Villager (Male) |
| 6:39 | Research | Feudal Age |
| 6:40 | Research | Feudal Age |
| 7:33 | Build | House |
| 7:36 | Build | House |
| 8:48 | Queue | Villager (Male) |
| 8:48 | Research | Loom |
| 8:50 | Build | House |
| 8:58 | Age | Feudal Age |
| 9:00 | Build | Blacksmith |
| 9:02 | Build | Market |
| 10:18 | Research | Castle Age |
| 10:19 | Research | Castle Age |
| 10:55 | Build | House |
| 10:56 | Build | House |
| 11:19 | Build | Mining Camp |
| 12:58 | Age | Castle Age |
| 13:04 | Build | Monastery |
| 13:10 | Build | Monastery |
| 13:13 | Queue | Villager (Male) |
| 13:14 | Queue | Villager (Male) |
| 13:49 | Queue | Monk |
| 13:51 | Queue | Monk |
| 13:57 | Build | Monastery |
| 14:04 | Queue | Monk |
| 14:04 | Queue | Monk |
| 14:06 | Queue | Villager (Male) |
| 14:29 | Build | House |
| 14:32 | Build | House |
| 14:51 | Queue | Monk |
| 15:02 | Queue | Monk |
| 15:11 | Build | Gate |
| 15:13 | Queue | Monk |
| 15:30 | Build | Gate |
| 15:33 | Build | House |
| 15:47 | Build | House |
| 16:07 | Queue | Monk |
| 16:08 | Queue | Monk |
| 17:42 | Build | Stone Wall |
| 18:18 | Queue | Villager (Male) |
| 18:18 | Queue | Villager (Male) |
| 18:33 | Research | Sanctity |
| 18:33 | Research | Sanctity |
| 18:33 | Research | Sanctity |
| 19:28 | Build | Lumber Camp |
| 19:46 | Build | Siege Workshop |
| 20:24 | Build | Stone Wall |
| 20:33 | Queue | Monk ×4 |
| 20:41 | Build | House |
| 21:18 | Queue | Armored Elephant |
| 21:18 | Queue | Armored Elephant |
| 21:21 | Build | Farm |
| 21:24 | Queue | Villager (Male) |
| 21:25 | Queue | Villager (Male) |
| 22:04 | Build | Farm |
| 22:04 | Build | Farm |
| 23:02 | Research | Redemption |
| 23:03 | Research | Redemption |
| 23:03 | Research | Redemption |
| 24:13 | Queue | Monk |
| 24:13 | Queue | Monk |
| 24:14 | Queue | Monk |
| 24:18 | Build | Farm |
| 24:18 | Build | Farm |
| 24:18 | Build | Farm |
| 24:18 | Build | Farm |
| 24:19 | Build | Farm |
| 24:20 | Queue | Villager (Male) |
| 24:20 | Queue | Villager (Male) |
| 24:21 | Queue | Villager (Male) |
| 25:02 | Queue | Villager (Male) |
| 26:30 | Queue | Armored Elephant |
Build order — .Bast
First 150 of 159 actions detected
| 0:01 | Queue | Villager (Male) |
| 0:01 | Queue | Villager (Male) |
| 0:03 | Build | House |
| 0:05 | Build | House |
| 0:08 | Queue | Villager (Male) |
| 0:08 | Queue | Villager (Male) |
| 1:22 | Queue | Villager (Male) |
| 1:22 | Queue | Villager (Male) |
| 1:50 | Build | Lumber Camp |
| 1:55 | Queue | Villager (Male) |
| 2:18 | Queue | Villager (Male) |
| 2:44 | Queue | Villager (Male) |
| 2:45 | Queue | Villager (Male) |
| 3:13 | Queue | Villager (Male) |
| 3:24 | Build | House |
| 3:37 | Queue | Villager (Male) |
| 4:08 | Queue | Villager (Male) |
| 4:14 | Queue | Villager (Male) |
| 4:15 | Queue | Villager (Male) |
| 4:28 | Queue | Villager (Male) |
| 5:16 | Build | House |
| 5:22 | Queue | Villager (Male) |
| 5:29 | Build | Mining Camp |
| 5:40 | Queue | Villager (Male) |
| 6:03 | Queue | Villager (Male) |
| 6:55 | Research | Feudal Age |
| 7:44 | Build | Barracks |
| 8:14 | Queue | Villager (Male) |
| 8:14 | Queue | Villager (Male) |
| 8:23 | Build | House |
| 9:05 | Age | Feudal Age |
| 9:18 | Build | Archery Range |
| 9:20 | Build | Archery Range |
| 9:40 | Build | House |
| 9:43 | Queue | Villager (Male) |
| 10:04 | Build | Palisade Wall |
| 10:17 | Queue | Villager (Male) |
| 10:27 | Queue | Villager (Male) |
| 10:58 | Queue | Villager (Male) |
| 11:04 | Build | Blacksmith |
| 11:21 | Queue | Villager (Male) |
| 11:26 | Build | House |
| 11:26 | Build | House |
| 11:42 | Build | Mill |
| 11:45 | Queue | Villager (Male) |
| 11:55 | Queue | Archer |
| 12:08 | Queue | Villager (Male) |
| 12:09 | Queue | Archer |
| 12:10 | Queue | Archer |
| 12:18 | Queue | Archer |
| 12:18 | Queue | Archer |
| 12:18 | Queue | Villager (Male) |
| 12:31 | Build | Farm |
| 12:37 | Build | Farm |
| 12:40 | Research | Fletching |
| 12:45 | Queue | Archer |
| 12:46 | Queue | Archer |
| 13:00 | Queue | Archer |
| 13:00 | Queue | Archer |
| 13:01 | Queue | Villager (Male) |
| 13:13 | Build | Farm |
| 13:42 | Queue | Archer |
| 13:42 | Queue | Archer |
| 13:57 | Queue | Villager (Male) |
| 14:01 | Queue | Villager (Male) |
| 14:02 | Research | Loom |
| 14:08 | Queue | Villager (Male) |
| 14:25 | Build | Lumber Camp |
| 14:30 | Queue | Archer |
| 14:50 | Queue | Villager (Male) |
| 14:55 | Build | House |
| 15:12 | Build | House |
| 15:28 | Build | House |
| 15:40 | Queue | Villager (Male) |
| 15:43 | Build | Farm |
| 15:43 | Build | Farm |
| 15:43 | Build | Farm |
| 15:43 | Build | Farm |
| 15:43 | Build | Farm |
| 16:00 | Queue | Villager (Male) |
| 16:00 | Queue | Archer |
| 16:00 | Queue | Archer |
| 16:01 | Queue | Archer |
| 16:24 | Build | Farm |
| 16:25 | Build | Farm |
| 16:26 | Queue | Villager (Male) |
| 17:06 | Queue | Villager (Male) |
| 17:08 | Build | House |
| 17:12 | Queue | Archer |
| 17:12 | Queue | Archer |
| 17:12 | Queue | Archer |
| 17:13 | Queue | Villager (Male) |
| 17:16 | Build | Farm |
| 17:18 | Build | Farm |
| 17:21 | Build | Farm |
| 17:25 | Build | Farm |
| 17:28 | Build | Farm |
| 17:32 | Queue | Villager (Male) |
| 17:39 | Build | House |
| 17:45 | Queue | Archer |
| 17:46 | Queue | Archer |
| 18:07 | Build | Lumber Camp |
| 18:09 | Queue | Villager (Male) |
| 18:25 | Queue | Villager (Male) |
| 18:36 | Build | Market |
| 18:44 | Queue | Villager (Male) |
| 19:00 | Queue | Archer |
| 19:01 | Queue | Archer |
| 19:20 | Build | Farm |
| 19:22 | Build | Farm |
| 19:28 | Queue | Villager (Male) |
| 19:46 | Queue | Archer |
| 19:46 | Queue | Archer |
| 19:46 | Queue | Villager (Male) |
| 19:57 | Build | Farm |
| 20:01 | Build | Farm |
| 20:18 | Queue | Villager (Male) |
| 20:29 | Research | Castle Age |
| 20:58 | Research | Double-Bit Axe |
| 21:06 | Research | Horse Collar |
| 21:08 | Queue | Archer |
| 21:09 | Queue | Archer |
| 21:32 | Build | Farm |
| 21:35 | Research | Gold Mining |
| 22:05 | Queue | Archer |
| 22:05 | Queue | Archer |
| 22:15 | Build | Mining Camp |
| 22:18 | Build | Farm |
| 22:19 | Build | Farm |
| 22:28 | Queue | Archer |
| 22:28 | Queue | Archer |
| 22:28 | Queue | Archer |
| 22:32 | Research | Padded Archer Armor |
| 23:07 | Queue | Archer |
| 23:07 | Queue | Archer |
| 23:08 | Queue | Villager (Male) |
| 23:09 | Age | Castle Age |
| 23:13 | Build | University |
| 23:24 | Build | House |
| 23:28 | Research | Wheelbarrow |
| 23:30 | Research | Loom |
| 23:33 | Research | Bodkin Arrow |
| 23:46 | Research | Crossbowman (upgrade) |
| 24:41 | Queue | Villager (Male) |
| 24:46 | Queue | Villager (Male) |
| 24:55 | Build | Archery Range |
| 24:59 | Build | House |
| 25:01 | Queue | Villager (Male) |
| 25:49 | Build | Farm |
| 25:54 | Queue | Villager (Male) |
Build order — JAGR | BkB
141 actions detected in the replay
| 0:01 | Queue | Villager (Male) |
| 0:02 | Build | House |
| 0:04 | Build | House |
| 0:07 | Queue | Villager (Male) |
| 0:07 | Queue | Villager (Male) |
| 0:35 | Queue | Villager (Male) |
| 0:35 | Queue | Villager (Male) |
| 1:32 | Queue | Villager (Male) |
| 1:32 | Queue | Villager (Male) |
| 1:33 | Queue | Villager (Male) |
| 1:58 | Queue | Villager (Male) |
| 2:46 | Queue | Villager (Male) |
| 3:09 | Queue | Villager (Male) |
| 3:32 | Queue | Villager (Male) |
| 3:35 | Build | House |
| 3:55 | Build | Lumber Camp |
| 3:56 | Build | Palisade Wall |
| 4:03 | Queue | Villager (Male) |
| 4:25 | Queue | Villager (Male) |
| 4:55 | Queue | Villager (Male) |
| 5:03 | Build | Mill |
| 5:14 | Queue | Villager (Male) |
| 5:32 | Research | Loom |
| 6:35 | Research | Feudal Age |
| 7:18 | Build | Barracks |
| 7:38 | Build | House |
| 8:05 | Build | Mining Camp |
| 8:45 | Queue | Villager (Male) |
| 8:45 | Age | Feudal Age |
| 8:55 | Build | Archery Range |
| 9:03 | Research | Double-Bit Axe |
| 9:08 | Queue | Villager (Male) |
| 9:21 | Build | House |
| 9:29 | Queue | Villager (Male) |
| 9:39 | Queue | Archer |
| 9:39 | Queue | Archer |
| 9:55 | Queue | Villager (Male) |
| 10:04 | Build | Farm |
| 10:06 | Build | Farm |
| 10:13 | Queue | Archer |
| 10:18 | Build | Farm |
| 10:37 | Queue | Villager (Male) |
| 10:37 | Queue | Villager (Male) |
| 10:41 | Build | Farm |
| 11:09 | Build | Watch Tower |
| 11:11 | Queue | Archer |
| 11:18 | Build | Farm |
| 11:21 | Queue | Villager (Male) |
| 11:40 | Queue | Archer |
| 11:40 | Queue | Archer |
| 11:45 | Build | House |
| 11:46 | Build | House |
| 11:53 | Queue | Villager (Male) |
| 11:57 | Build | Farm |
| 12:18 | Queue | Villager (Male) |
| 12:22 | Build | Farm |
| 12:25 | Build | Farm |
| 13:04 | Queue | Archer |
| 13:04 | Queue | Archer |
| 13:05 | Queue | Villager (Male) |
| 13:22 | Build | Farm |
| 13:23 | Build | Farm |
| 13:24 | Queue | Villager (Male) |
| 13:30 | Queue | Archer |
| 13:30 | Queue | Archer |
| 13:39 | Queue | Villager (Male) |
| 14:04 | Build | Blacksmith |
| 14:09 | Build | House |
| 14:13 | Queue | Villager (Male) |
| 14:29 | Build | Farm |
| 14:35 | Queue | Villager (Male) |
| 14:44 | Build | House |
| 14:46 | Build | Palisade Gate |
| 15:25 | Queue | Villager (Male) |
| 15:26 | Queue | Villager (Male) |
| 15:53 | Build | Farm |
| 15:53 | Research | Horse Collar |
| 15:58 | Build | Farm |
| 16:11 | Research | Fletching |
| 16:13 | Queue | Villager (Male) |
| 16:32 | Build | Farm |
| 16:32 | Build | Farm |
| 16:34 | Queue | Villager (Male) |
| 17:03 | Queue | Villager (Male) |
| 17:23 | Build | Stable |
| 17:26 | Queue | Villager (Male) |
| 17:47 | Queue | Villager (Male) |
| 18:03 | Build | Mining Camp |
| 18:05 | Queue | Scout Cavalry |
| 18:17 | Queue | Villager (Male) |
| 18:29 | Queue | Scout Cavalry |
| 18:43 | Build | Watch Tower |
| 18:47 | Queue | Villager (Male) |
| 18:51 | Build | Farm |
| 18:53 | Build | Farm |
| 18:55 | Queue | Villager (Male) |
| 18:57 | Queue | Archer |
| 18:57 | Queue | Archer |
| 19:01 | Build | House |
| 19:02 | Build | House |
| 19:35 | Build | House |
| 19:37 | Build | House |
| 20:16 | Research | Castle Age |
| 20:16 | Research | Castle Age |
| 20:38 | Build | Watch Tower |
| 20:58 | Build | Archery Range |
| 21:02 | Research | Padded Archer Armor |
| 21:07 | Build | Farm |
| 21:48 | Build | House |
| 21:50 | Build | House |
| 22:20 | Queue | Archer |
| 22:20 | Queue | Archer |
| 22:22 | Queue | Archer |
| 22:22 | Queue | Archer |
| 22:56 | Age | Castle Age |
| 22:57 | Research | Crossbowman (upgrade) |
| 22:57 | Research | Crossbowman (upgrade) |
| 22:58 | Research | Bodkin Arrow |
| 22:58 | Research | Bodkin Arrow |
| 23:07 | Build | Siege Workshop |
| 23:18 | Research | Wheelbarrow |
| 23:28 | Queue | Villager (Male) |
| 23:53 | Queue | Mangonel |
| 24:01 | Queue | Archer |
| 24:01 | Queue | Archer |
| 24:02 | Queue | Archer |
| 24:18 | Queue | Archer |
| 24:18 | Queue | Archer |
| 24:25 | Queue | Villager (Male) |
| 24:53 | Queue | Archer |
| 24:54 | Queue | Archer |
| 25:07 | Build | Market |
| 25:10 | Queue | Villager (Male) |
| 25:14 | Build | House |
| 25:21 | Build | Lumber Camp |
| 25:30 | Queue | Villager (Male) |
| 25:40 | Queue | Villager (Male) |
| 25:45 | Build | House |
| 25:47 | Build | House |
| 26:07 | Queue | Mangonel |
| 26:12 | Queue | Villager (Male) |
Build order — Dadagama
119 actions detected in the replay
| 0:01 | Queue | Villager (Male) |
| 0:01 | Queue | Villager (Male) |
| 0:01 | Queue | Villager (Male) |
| 0:03 | Build | House |
| 0:04 | Build | House |
| 0:22 | Queue | Villager (Male) |
| 0:22 | Queue | Villager (Male) |
| 0:22 | Queue | Villager (Male) |
| 1:34 | Queue | Villager (Male) |
| 2:09 | Queue | Villager (Male) |
| 2:12 | Queue | Villager (Male) |
| 2:13 | Queue | Villager (Male) |
| 2:33 | Build | Lumber Camp |
| 2:52 | Queue | Villager (Male) |
| 2:53 | Queue | Villager (Male) |
| 3:30 | Queue | Villager (Male) |
| 3:30 | Queue | Villager (Male) |
| 3:40 | Build | House |
| 3:41 | Build | House |
| 3:42 | Queue | Villager (Male) |
| 3:42 | Queue | Villager (Male) |
| 3:42 | Queue | Villager (Male) |
| 4:38 | Queue | Villager (Male) |
| 4:39 | Queue | Villager (Male) |
| 4:40 | Queue | Villager (Male) |
| 5:27 | Build | Barracks |
| 5:29 | Build | House |
| 5:45 | Queue | Villager (Male) |
| 6:34 | Queue | Villager (Male) |
| 6:55 | Build | Mill |
| 7:05 | Research | Feudal Age |
| 8:18 | Build | Farm |
| 8:22 | Build | Farm |
| 8:27 | Build | Farm |
| 8:37 | Queue | Villager (Male) |
| 8:37 | Queue | Villager (Male) |
| 9:09 | Age | Feudal Age |
| 9:11 | Build | Stable |
| 9:13 | Research | Double-Bit Axe |
| 9:28 | Build | Palisade Wall |
| 9:37 | Build | Farm |
| 9:45 | Build | Farm |
| 9:49 | Build | Farm |
| 9:55 | Queue | Villager (Male) |
| 9:59 | Queue | Scout Cavalry ×2 |
| 10:14 | Queue | Villager (Male) |
| 10:26 | Queue | Villager (Male) |
| 10:29 | Build | Farm |
| 10:46 | Build | Palisade Wall |
| 10:50 | Queue | Villager (Male) |
| 10:56 | Build | Farm |
| 11:00 | Build | Farm |
| 11:03 | Build | Farm |
| 11:04 | Queue | Villager (Male) |
| 11:11 | Build | House |
| 11:12 | Build | House |
| 11:17 | Build | House |
| 11:22 | Queue | Villager (Male) |
| 11:25 | Build | Farm |
| 11:28 | Build | Farm |
| 11:40 | Queue | Scout Cavalry |
| 11:40 | Queue | Scout Cavalry |
| 11:53 | Build | Farm |
| 12:06 | Queue | Villager (Male) |
| 12:12 | Build | Farm |
| 12:17 | Build | Farm |
| 12:21 | Queue | Villager (Male) |
| 12:22 | Queue | Scout Cavalry |
| 12:59 | Queue | Villager (Male) |
| 13:06 | Build | Farm |
| 13:10 | Build | Farm |
| 13:13 | Build | Farm |
| 13:18 | Queue | Villager (Male) |
| 13:18 | Queue | Villager (Male) |
| 13:19 | Queue | Scout Cavalry |
| 13:19 | Queue | Scout Cavalry |
| 13:28 | Build | Mining Camp |
| 14:01 | Queue | Villager (Male) |
| 14:03 | Queue | Scout Cavalry |
| 14:06 | Build | House |
| 14:12 | Research | Loom |
| 14:15 | Research | Wheelbarrow |
| 14:19 | Queue | Villager (Male) |
| 14:33 | Build | House |
| 14:55 | Research | Bloodlines |
| 14:59 | Queue | Villager (Male) |
| 14:59 | Queue | Villager (Male) |
| 15:12 | Build | Farm |
| 15:14 | Build | Farm |
| 15:22 | Build | Farm |
| 15:24 | Build | Farm |
| 17:40 | Queue | Villager (Male) |
| 17:40 | Queue | Villager (Male) |
| 17:47 | Build | Blacksmith |
| 18:22 | Research | Castle Age |
| 20:03 | Research | Fletching |
| 20:04 | Research | Padded Archer Armor |
| 20:19 | Build | Lumber Camp |
| 20:30 | Queue | Villager (Male) ×5 |
| 20:46 | Build | House |
| 20:51 | Age | Castle Age |
| 20:54 | Build | House |
| 20:58 | Build | Lumber Camp |
| 21:26 | Build | Palisade Gate |
| 21:32 | Build | House |
| 21:35 | Build | House |
| 21:42 | Queue | Villager (Male) |
| 21:42 | Queue | Villager (Male) |
| 23:10 | Build | Mining Camp |
| 23:18 | Build | Town Center |
| 24:04 | Queue | Villager (Male) |
| 24:04 | Queue | Villager (Male) |
| 24:04 | Queue | Villager (Male) |
| 24:04 | Queue | Villager (Male) |
| 24:26 | Queue | Villager (Male) ×5 |
| 24:36 | Build | Siege Workshop |
| 24:54 | Research | Bow Saw |
| 26:24 | Queue | Villager (Male) ×5 |
| 26:25 | Queue | Villager (Male) ×5 |
Build order — The HOD
121 actions detected in the replay
| 0:02 | Queue | Villager (Male) |
| 0:02 | Queue | Villager (Male) |
| 0:05 | Build | House |
| 0:07 | Build | House |
| 0:09 | Queue | Villager (Male) ×2 |
| 0:09 | Queue | Villager (Male) ×2 |
| 1:56 | Queue | Villager (Male) |
| 1:56 | Queue | Villager (Male) |
| 1:56 | Queue | Villager (Male) |
| 2:08 | Build | Lumber Camp |
| 2:17 | Queue | Villager (Male) |
| 2:20 | Queue | Villager (Male) |
| 2:26 | Build | House |
| 2:37 | Build | House |
| 3:04 | Queue | Villager (Male) ×2 |
| 3:04 | Queue | Villager (Male) ×2 |
| 3:49 | Queue | Villager (Male) |
| 4:17 | Queue | Villager (Male) |
| 4:17 | Queue | Villager (Male) |
| 4:18 | Queue | Villager (Male) |
| 5:22 | Build | Mining Camp |
| 5:27 | Queue | Villager (Male) ×3 |
| 5:27 | Queue | Villager (Male) ×3 |
| 5:38 | Build | Mill |
| 5:48 | Queue | Villager (Male) |
| 5:48 | Queue | Villager (Male) |
| 5:48 | Queue | Villager (Male) |
| 6:28 | Build | Farm |
| 6:45 | Build | Farm |
| 7:12 | Build | Farm |
| 7:18 | Build | House |
| 7:29 | Queue | Villager (Male) |
| 7:50 | Queue | Villager (Male) |
| 7:53 | Queue | Villager (Male) |
| 8:11 | Build | Mining Camp |
| 8:42 | Build | Farm |
| 8:59 | Research | Feudal Age |
| 9:00 | Research | Feudal Age |
| 9:00 | Research | Feudal Age |
| 10:32 | Queue | Villager (Male) |
| 10:32 | Queue | Villager (Male) |
| 10:57 | Build | Farm |
| 10:59 | Build | Farm |
| 11:03 | Build | Farm |
| 11:06 | Build | Farm |
| 11:09 | Age | Feudal Age |
| 11:30 | Build | Market |
| 11:34 | Build | House |
| 12:11 | Build | Blacksmith |
| 13:00 | Research | Castle Age |
| 13:46 | Queue | Villager (Male) |
| 13:53 | Research | Double-Bit Axe |
| 13:59 | Build | Lumber Camp |
| 14:08 | Build | Farm |
| 14:12 | Build | House |
| 14:32 | Queue | Villager (Male) |
| 14:32 | Queue | Villager (Male) |
| 15:25 | Queue | Villager (Male) |
| 15:25 | Queue | Villager (Male) |
| 15:40 | Age | Castle Age |
| 16:04 | Build | Palisade Gate |
| 16:23 | Build | Castle |
| 16:30 | Build | House |
| 16:34 | Build | Palisade Wall |
| 16:58 | Build | Palisade Gate |
| 17:53 | Queue | Mameluke |
| 17:53 | Queue | Mameluke |
| 17:53 | Queue | Mameluke |
| 17:58 | Build | Palisade Gate |
| 18:17 | Build | Palisade Gate |
| 18:30 | Build | Palisade Gate |
| 18:33 | Build | Palisade Gate |
| 18:44 | Build | Palisade Gate |
| 19:03 | Queue | Mameluke |
| 19:03 | Queue | Mameluke |
| 19:18 | Queue | Mameluke |
| 19:33 | Queue | Villager (Male) ×5 |
| 20:03 | Queue | Mameluke |
| 20:05 | Queue | Villager (Male) |
| 20:50 | Queue | Mameluke |
| 20:50 | Queue | Mameluke |
| 21:29 | Build | Town Center |
| 21:32 | Queue | Villager (Male) |
| 21:36 | Queue | Mameluke |
| 21:50 | Build | Farm |
| 21:53 | Research | Horse Collar |
| 22:15 | Build | Farm |
| 22:20 | Queue | Mameluke |
| 22:21 | Queue | Mameluke |
| 22:21 | Queue | Mameluke |
| 22:28 | Queue | Villager (Male) |
| 22:34 | Build | Farm |
| 23:13 | Queue | Villager (Male) |
| 23:16 | Queue | Mameluke |
| 23:18 | Queue | Villager (Male) |
| 23:18 | Queue | Villager (Male) |
| 23:29 | Build | Farm |
| 23:35 | Queue | Villager (Male) |
| 23:36 | Queue | Villager (Male) |
| 23:46 | Build | Farm |
| 23:50 | Build | Farm |
| 23:54 | Queue | Villager (Male) |
| 24:00 | Queue | Mameluke |
| 24:00 | Queue | Mameluke |
| 24:43 | Queue | Mameluke |
| 24:43 | Queue | Mameluke |
| 24:45 | Queue | Villager (Male) |
| 25:03 | Build | Town Center |
| 25:04 | Queue | Villager (Male) |
| 25:08 | Queue | Mameluke |
| 25:15 | Build | Lumber Camp |
| 25:20 | Build | Farm |
| 25:28 | Queue | Villager (Male) |
| 25:28 | Queue | Villager (Male) |
| 25:28 | Queue | Villager (Male) |
| 25:35 | Build | Farm |
| 25:44 | Queue | Villager (Male) ×2 |
| 25:49 | Queue | Mameluke |
| 26:09 | Build | Farm |
| 26:18 | Queue | Villager (Male) |
| 26:22 | Queue | Mameluke |
Build order — Wallyfly
137 actions detected in the replay
| 0:04 | Queue | Villager (Male) |
| 0:04 | Queue | Villager (Male) |
| 0:10 | Build | House |
| 0:13 | Build | House |
| 1:05 | Queue | Villager (Male) |
| 1:06 | Queue | Villager (Male) |
| 1:06 | Queue | Villager (Male) |
| 1:55 | Queue | Villager (Male) |
| 1:55 | Queue | Villager (Male) |
| 1:55 | Queue | Villager (Male) |
| 2:38 | Queue | Villager (Male) |
| 2:38 | Queue | Villager (Male) |
| 2:57 | Build | Lumber Camp |
| 3:05 | Queue | Villager (Male) |
| 3:28 | Queue | Villager (Male) |
| 3:54 | Queue | Villager (Male) |
| 3:55 | Queue | Villager (Male) |
| 4:16 | Build | House |
| 4:19 | Build | House |
| 4:51 | Queue | Villager (Male) |
| 4:52 | Queue | Villager (Male) |
| 4:52 | Queue | Villager (Male) |
| 4:52 | Queue | Villager (Male) |
| 6:24 | Queue | Villager (Male) |
| 6:54 | Queue | Villager (Male) |
| 7:12 | Build | Mill |
| 7:17 | Queue | Villager (Male) |
| 7:45 | Build | Lumber Camp |
| 7:49 | Research | Feudal Age |
| 7:49 | Research | Feudal Age |
| 8:53 | Queue | Villager (Male) |
| 8:54 | Queue | Villager (Male) |
| 9:59 | Age | Feudal Age |
| 9:59 | Research | Horse Collar |
| 10:00 | Research | Horse Collar |
| 10:09 | Research | Double-Bit Axe |
| 10:09 | Research | Double-Bit Axe |
| 10:11 | Build | Farm |
| 10:11 | Build | Farm |
| 10:12 | Build | Farm |
| 10:12 | Build | Farm |
| 10:12 | Build | Farm |
| 10:12 | Build | Farm |
| 10:13 | Build | Farm |
| 10:13 | Build | Farm |
| 10:13 | Build | Farm |
| 10:14 | Build | Farm |
| 10:19 | Build | Farm |
| 10:27 | Build | Farm |
| 10:43 | Build | Farm |
| 10:58 | Queue | Villager (Male) |
| 10:58 | Queue | Villager (Male) |
| 11:14 | Build | Farm |
| 11:25 | Queue | Villager (Male) |
| 11:31 | Build | Farm |
| 11:44 | Queue | Villager (Male) |
| 11:55 | Research | Loom |
| 11:58 | Build | House |
| 12:00 | Build | House |
| 12:07 | Research | Wheelbarrow |
| 12:08 | Research | Wheelbarrow |
| 12:18 | Build | House |
| 12:19 | Build | House |
| 12:28 | Queue | Villager (Male) |
| 12:37 | Build | Lumber Camp |
| 13:11 | Queue | Villager (Male) |
| 13:35 | Queue | Villager (Male) |
| 14:01 | Build | House |
| 14:04 | Build | House |
| 14:18 | Queue | Villager (Male) |
| 14:28 | Build | Mining Camp |
| 14:40 | Queue | Villager (Male) |
| 14:54 | Build | Market |
| 14:59 | Build | Blacksmith |
| 15:09 | Research | Gold Mining |
| 15:41 | Queue | Villager (Male) |
| 15:51 | Research | Castle Age |
| 15:51 | Research | Castle Age |
| 15:58 | Build | Mining Camp |
| 16:29 | Queue | Villager (Male) |
| 16:29 | Queue | Villager (Male) |
| 16:33 | Research | Stone Mining |
| 16:33 | Research | Stone Mining |
| 16:58 | Build | Gate |
| 17:04 | Build | Gate |
| 17:18 | Build | Stone Wall |
| 17:22 | Build | Stone Wall |
| 18:31 | Age | Castle Age |
| 19:30 | Build | Castle |
| 19:51 | Queue | Villager (Male) |
| 19:51 | Queue | Villager (Male) |
| 20:22 | Queue | Villager (Male) |
| 20:23 | Queue | Villager (Male) |
| 21:29 | Research | Imperial Age |
| 21:29 | Research | Imperial Age |
| 21:43 | Queue | Organ Gun |
| 21:57 | Queue | Organ Gun |
| 22:16 | Queue | Organ Gun |
| 22:27 | Build | Gate |
| 22:29 | Build | Stone Wall |
| 22:41 | Research | Bow Saw |
| 22:41 | Research | Bow Saw |
| 22:41 | Research | Bow Saw |
| 22:51 | Queue | Organ Gun |
| 23:34 | Queue | Villager (Male) |
| 23:37 | Queue | Villager (Male) |
| 23:43 | Build | Farm |
| 23:49 | Build | Farm |
| 23:50 | Build | Farm |
| 23:56 | Queue | Organ Gun |
| 23:56 | Queue | Organ Gun |
| 24:20 | Build | House |
| 24:22 | Build | House |
| 24:23 | Build | House |
| 24:26 | Queue | Organ Gun |
| 24:41 | Age | Imperial Age |
| 24:44 | Build | Farm |
| 24:52 | Build | Feitoria |
| 25:00 | Queue | Organ Gun |
| 25:04 | Queue | Organ Gun |
| 25:27 | Queue | Villager (Male) |
| 25:31 | Queue | Villager (Male) |
| 25:54 | Queue | Organ Gun |
| 25:55 | Queue | Organ Gun |
| 25:58 | Queue | Villager (Male) |
| 25:58 | Queue | Villager (Male) |
| 26:13 | Build | House |
| 26:14 | Build | House |
| 26:16 | Build | House |
| 26:18 | Build | House |
| 26:27 | Build | House |
| 26:28 | Build | House |
| 26:28 | Build | House |
| 26:28 | Build | House |
| 26:29 | Build | House |
| 26:29 | Build | House |
| 26:29 | Build | House |
Build order — Codiman
First 150 of 220 actions detected
| 0:04 | Queue | Villager (Male) |
| 0:04 | Queue | Villager (Male) |
| 0:04 | Queue | Villager (Male) |
| 0:07 | Build | House |
| 0:09 | Build | House |
| 0:10 | Queue | Villager (Male) |
| 0:11 | Queue | Villager (Male) |
| 1:35 | Queue | Villager (Male) |
| 1:35 | Queue | Villager (Male) |
| 2:00 | Queue | Villager (Male) |
| 2:01 | Queue | Villager (Male) |
| 2:01 | Queue | Villager (Male) |
| 2:39 | Queue | Villager (Male) |
| 2:39 | Queue | Villager (Male) |
| 2:59 | Queue | Villager (Male) |
| 2:59 | Queue | Villager (Male) |
| 3:39 | Queue | Villager (Male) |
| 3:39 | Queue | Villager (Male) |
| 4:01 | Queue | Villager (Male) |
| 4:01 | Queue | Villager (Male) |
| 4:09 | Queue | Villager (Male) |
| 4:09 | Queue | Villager (Male) |
| 4:34 | Build | House |
| 4:42 | Research | Loom |
| 4:44 | Queue | Villager (Male) |
| 4:45 | Queue | Villager (Male) |
| 4:45 | Queue | Villager (Male) |
| 4:46 | Queue | Villager (Male) |
| 5:03 | Queue | Villager (Male) |
| 5:04 | Queue | Villager (Male) |
| 5:07 | Queue | Villager (Male) |
| 5:08 | Queue | Villager (Male) |
| 5:23 | Queue | Villager (Male) |
| 5:46 | Build | Lumber Camp |
| 5:51 | Queue | Villager (Male) |
| 5:52 | Queue | Villager (Male) |
| 5:52 | Queue | Villager (Male) |
| 6:22 | Build | House |
| 7:12 | Queue | Villager (Male) |
| 7:31 | Queue | Villager (Male) |
| 7:44 | Build | Mining Camp |
| 7:50 | Queue | Villager (Male) |
| 8:18 | Research | Feudal Age |
| 8:18 | Research | Feudal Age |
| 9:11 | Build | House |
| 9:13 | Build | House |
| 9:25 | Queue | Villager (Male) |
| 9:26 | Queue | Villager (Male) |
| 9:29 | Queue | Villager (Male) |
| 10:39 | Age | Feudal Age |
| 10:41 | Queue | Villager (Male) |
| 11:05 | Build | Blacksmith |
| 11:52 | Build | Siege Workshop |
| 12:11 | Build | Mill |
| 12:13 | Queue | Villager (Male) |
| 12:29 | Queue | Villager (Male) |
| 12:36 | Build | Farm |
| 12:36 | Build | Farm |
| 12:36 | Build | Farm |
| 12:36 | Build | Farm |
| 12:37 | Build | Farm |
| 12:44 | Queue | Battering Ram |
| 12:44 | Queue | Battering Ram |
| 12:48 | Queue | Villager (Male) |
| 12:51 | Queue | Battering Ram |
| 13:09 | Build | House |
| 13:19 | Build | Farm |
| 13:20 | Queue | Villager (Male) |
| 14:05 | Build | Palisade Wall |
| 14:07 | Build | Palisade Wall |
| 14:13 | Queue | Villager (Male) |
| 14:14 | Queue | Villager (Male) |
| 14:19 | Queue | Battering Ram |
| 14:32 | Queue | Villager (Male) |
| 14:47 | Build | House |
| 14:49 | Build | House |
| 14:57 | Queue | Battering Ram |
| 15:06 | Queue | Villager (Male) |
| 15:41 | Build | Barracks |
| 15:45 | Queue | Villager (Male) |
| 15:45 | Queue | Villager (Male) |
| 16:00 | Queue | Villager (Male) |
| 16:07 | Build | Watch Tower |
| 16:19 | Queue | Villager (Male) |
| 16:36 | Queue | Battering Ram |
| 16:36 | Queue | Battering Ram |
| 16:38 | Build | House |
| 17:17 | Queue | Villager (Male) |
| 17:17 | Queue | Villager (Male) |
| 17:33 | Build | Mining Camp |
| 18:00 | Queue | Villager (Male) |
| 18:20 | Build | House |
| 18:21 | Build | House |
| 18:35 | Queue | Spearman |
| 18:42 | Build | House |
| 18:57 | Build | Town Center |
| 19:38 | Build | Palisade Wall |
| 19:46 | Build | Palisade Wall |
| 19:56 | Queue | Villager (Male) |
| 20:06 | Build | Watch Tower |
| 20:16 | Queue | Villager (Male) |
| 20:37 | Build | Farm |
| 20:37 | Build | Farm |
| 20:38 | Build | Farm |
| 20:38 | Build | Farm |
| 20:38 | Build | Farm |
| 20:38 | Build | Farm |
| 20:38 | Build | Farm |
| 20:39 | Build | Farm |
| 20:39 | Build | Farm |
| 20:39 | Build | Farm |
| 20:39 | Build | Farm |
| 20:40 | Build | Farm |
| 20:40 | Build | Farm |
| 20:40 | Build | Farm |
| 20:40 | Build | Farm |
| 20:41 | Build | Farm |
| 20:41 | Build | Farm |
| 20:41 | Build | Farm |
| 20:41 | Build | Farm |
| 20:41 | Build | Farm |
| 21:10 | Queue | Villager (Male) |
| 21:11 | Queue | Villager (Male) |
| 21:11 | Queue | Villager (Male) |
| 21:20 | Build | Farm |
| 21:21 | Build | Farm |
| 21:21 | Build | Farm |
| 21:44 | Build | Farm |
| 21:44 | Build | Farm |
| 21:44 | Build | Farm |
| 21:44 | Build | Farm |
| 21:45 | Build | Farm |
| 21:45 | Build | Farm |
| 21:47 | Queue | Villager (Male) |
| 22:00 | Queue | Villager (Male) |
| 22:01 | Queue | Villager (Male) |
| 22:01 | Queue | Villager (Male) |
| 22:20 | Queue | Villager (Male) |
| 22:20 | Queue | Villager (Male) |
| 22:30 | Queue | Villager (Male) |
| 22:31 | Queue | Villager (Male) |
| 22:43 | Build | Farm |
| 22:43 | Build | Farm |
| 22:43 | Build | Farm |
| 22:44 | Build | Farm |
| 22:44 | Build | Farm |
| 22:44 | Build | Farm |
| 22:44 | Build | Farm |
| 22:45 | Build | Farm |
| 22:45 | Build | Farm |
Match timeline
| 3:56 | JAGR | BkB · wall_segment Palisade Wall x1 |
| 5:27 | Dadagama · first_building Barracks |
| 7:18 | JAGR | BkB · first_building Barracks |
| 7:44 | .Bast · first_building Barracks |
| 8:26 | Milongo · first_building Barracks |
| 8:45 | JAGR | BkB · age_up feudal |
| 8:55 | JAGR | BkB · first_building Archery Range |
| 8:58 | CTM | El Inadecuado · age_up feudal |
| 9:05 | .Bast · age_up feudal |
| 9:09 | Dadagama · age_up feudal |
| 9:11 | Dadagama · first_building Stable |
| 9:13 | Milongo · age_up feudal |
| 9:18 | .Bast · first_building Archery Range |
| 9:28 | Dadagama · wall_segment Palisade Wall x1 |
| 9:34 | Milongo · first_building Archery Range |
| 9:59 | Wallyfly · age_up feudal |
| 10:04 | .Bast · wall_segment Palisade Wall x1 |
| 10:17 | CTM | El Inadecuado · first_market_sell 100 stone |
| 10:39 | Codiman · age_up feudal |
| 10:46 | Dadagama · wall_segment Palisade Wall x1 |
| 11:09 | The HOD · age_up feudal |
| 11:52 | Codiman · first_building Siege Workshop |
| 12:49 | The HOD · first_market_buy 100 food |
| 12:58 | CTM | El Inadecuado · age_up castle |
| 12:59 | The HOD · first_market_sell 100 stone |
| 13:04 | CTM | El Inadecuado · first_building Monastery |
| 14:05 | Codiman · wall_segment Palisade Wall x5 |
| 14:07 | Codiman · wall_segment Palisade Wall x5 |
| 15:40 | The HOD · age_up castle |
| 15:41 | Codiman · first_building Barracks |
| 16:23 | The HOD · first_building Castle |
| 16:34 | The HOD · wall_segment Palisade Wall x1 |
| 17:18 | Wallyfly · wall_segment Stone Wall x1 |
| 17:22 | Wallyfly · wall_segment Stone Wall x1 |
| 17:23 | JAGR | BkB · first_building Stable |
| 17:42 | CTM | El Inadecuado · wall_segment Stone Wall x1 |
| 18:31 | Wallyfly · age_up castle |
| 18:47 | Milongo · first_market_sell 500 wood |
| 18:49 | Milongo · first_market_buy 500 food |
| 19:14 | Wallyfly · first_market_buy 100 stone |
| 19:16 | Milongo · wall_segment Palisade Wall x4 |
| 19:30 | Wallyfly · first_building Castle |
| 19:38 | Codiman · wall_segment Palisade Wall x1 |
| 19:46 | CTM | El Inadecuado · first_building Siege Workshop |
| 19:46 | Codiman · wall_segment Palisade Wall x4 |
| 20:08 | .Bast · first_market_sell 100 stone |
| 20:08 | .Bast · first_market_buy 100 food |
| 20:24 | CTM | El Inadecuado · wall_segment Stone Wall x3 |
| 20:51 | Dadagama · age_up castle |
| 21:14 | CTM | El Inadecuado · first_market_buy 100 food |
| 21:50 | Milongo · age_up castle |
| 22:29 | Wallyfly · wall_segment Stone Wall x1 |
| 22:56 | JAGR | BkB · age_up castle |
| 23:07 | JAGR | BkB · first_building Siege Workshop |
| 23:09 | .Bast · age_up castle |
| 23:28 | Milongo · first_building Castle |
| 24:36 | Dadagama · first_building Siege Workshop |
| 24:41 | Wallyfly · age_up imperial |
| 25:59 | JAGR | BkB · first_market_sell 100 food |
| 26:00 | JAGR | BkB · first_market_buy 100 wood |
| 26:30 | Milongo · resign |
| 26:31 | Codiman · first_building Stable |
[ AI ANALYSIS · 1 CREDIT ]
What really happened in this match?
Wolo.gg analyzes every decision: build order, eco, micro, common mistakes by bracket. Personalized analysis on WhatsApp or Discord in 30 seconds.
Civ guide
Saracens
Perfil
Jugador #18430988